 Dungeon Crawl Stone Soup version 0.30.2 (webtiles) character file.

Game seed: 17194324239538059276

125 porpoise the Cutter (level 4, -5/35 HPs)
             Began as a Demonspawn Gladiator on Feb 7, 2024.
             Killed from afar by Ijyb (7 damage)
             ... with a bolt of dispelling energy
             ... on level 3 of the Dungeon.
             The game lasted 00:06:56 (1234 turns).

porpoise the Cutter (Demonspawn Gladiator)          Turns: 1234, Time: 00:06:57

Health: -5/35      AC:  7    Str: 14    XL:     4   Next: 82%
Magic:  4/4        EV: 12    Int:  9    God:
Gold:   141        SH:  0    Dex: 17    Spells: 3/3 levels left

rFire   + . .        a - +0 rapier
rCold   . . .        (no shield)
rNeg    . . .        b - +0 leather armour
rPois   .            c - +0 helmet
rElec   .            f - +0 cloak
rCorr   .            (no gloves)
SInv    .            (no boots)
Will    .....        (no amulet)
Stlth   ++           t - ring of protection from fire
HPRegen 0.25/turn    (no ring)
MPRegen 0.09/turn

%: no passive effects
@: no status effects
A: molten scales 1, demonic magic 1
a: no special abilities


You were on level 3 of the Dungeon.
You visited 1 branch of the dungeon, and saw 3 of its levels.

You collected 141 gold pieces.

Inventory:

Hand Weapons
 a - a +0 rapier (weapon)
Missiles
 d - 3 throwing nets (quivered)
 e - a javelin
 q - 2 boomerangs
Armour
 b - a +0 leather armour (worn)
 c - a +0 helmet (worn)
 f - a +0 cloak (worn)
Magical Staves
 u - a staff of conjuration
Jewellery
 t - a ring of protection from fire (left hand)
Scrolls
 h - a scroll of magic mapping {unknown}
 j - 2 scrolls of identify {unknown}
 m - a scroll of immolation {unknown}
 n - a scroll of torment {unknown}
 o - a scroll of fog
 p - a scroll of noise {unknown}
 r - a scroll of poison {unknown}
 s - a scroll of butterflies {unknown}
Potions
 g - a potion of brilliance {unknown}
 i - a potion of degeneration {unknown}
 k - a potion of mutation {unknown}
 l - a potion of resistance {unknown}


   Skills:
 + Level 3.0 Fighting
 * Level 4.1 Short Blades
 - Level 1.7 Throwing
 - Level 2.6 Dodging
 + Level 2.0 Stealth


You had 3 spell levels left.
You didn't know any spells.
Your spell library contained the following spells:

 Spells                   Type           Power      Damage    Failure   Level
 Call Canine Familiar     Summ           0%         N/A       83%         3
 Portal Projectile        Hex/Tloc       0%         N/A       83%         3
 Leda's Liquefaction      Hex/Erth       0%         N/A       99%         4


Dungeon Overview and Level Annotations

Branches:
Dungeon (3/15)

Altars:

Annotations:
D:3 1 transporter, Ijyb


Innate Abilities, Weirdness & Mutations

You are partially covered in molten scales. (AC +2)
Spells you cast may paralyse adjacent enemies.


Message History

You barely miss Ijyb. Ijyb hits you but does no damage.
You aren't carrying any items that you can evoke.
Okay, then.
Okay, then.
You barely miss Ijyb. Ijyb closely misses you.
You hit Ijyb.
Ijyb is moderately wounded.
Ijyb barely misses you.
A rat comes into view.
You hit Ijyb.
Ijyb is moderately wounded.
Ijyb closely misses you.
You puncture Ijyb!
Ijyb is severely wounded.
Ijyb hits you with a +0 dagger.
You hit Ijyb but do no damage.
Ijyb is severely wounded.
Ijyb zaps a wand.
The bolt of dispelling energy misses you.
You hit Ijyb but do no damage.
Ijyb is severely wounded.
Ijyb hits you but does no damage.
You closely miss Ijyb.
Ijyb is severely wounded.
A dart slug comes into view.
Ijyb hits you but does no damage.
You hit Ijyb.
Ijyb is almost dead.
Ijyb zaps a wand.
The bolt of dispelling energy hits you!
You hear a shout!
You hit Ijyb.
Ijyb is almost dead.
Ijyb zaps a wand.
The bolt of dispelling energy hits you!
* * * LOW HITPOINT WARNING * * *
You hit Ijyb but do no damage.
Ijyb is almost dead.
The dart slug launches a dart at you. The slug dart misses you.
Ijyb zaps a wand.
The bolt of dispelling energy hits you!
You die...

.©................
#.
...........###....
..#####....# ####
##.#.# .######+#.#
..........#
..........# .##
.........r#####.w...
.........ggg@...#
..(......######.#
.........#
.........#
.####..... #.#.##
#.#.. ..#.


You could see Ijyb, 2 gnolls, a dart slug and a rat.

Vanquished Creatures
  2 gnolls (D:3)
  5 adders
  A worm (D:2)
  3 dart slugs
  2 ball pythons
  4 bats
  6 endoplasms
  2 giant cockroaches (D:1)
  4 goblins (D:1)
  6 hobgoblins
  3 jackals (D:1)
  2 quokkas (D:2)
  4 frilled lizards
  4 kobolds
  4 rats
52 creatures vanquished.

Notes
Turn   | Place    | Note
-------+----------+-------------------------------------------
     0 | D:1      | porpoise the Demonspawn Gladiator began the quest for the
                  | Orb.
     0 | D:1      | Reached XP level 1. HP: 16/16 MP: 1/1
   122 | D:1      | Reached skill level 3 in Short Blades
   122 | D:1      | Gained mutation: You are partially covered in molten
                  | scales. (AC +2) [demonic ancestry]
   122 | D:1      | Reached XP level 2. HP: 19/22 MP: 2/2
   232 | D:1      | Reached skill level 1 in Stealth
   356 | D:1      | Reached XP level 3. HP: 28/28 MP: 3/3
   884 | D:2      | Gained mutation: Spells you cast may paralyse adjacent
                  | enemies. [demonic ancestry]
   884 | D:2      | Reached XP level 4. HP: 31/34 MP: 4/4
  1180 | D:3      | Found a transporter.
  1189 | D:3      | Noticed Ijyb
  1213 | D:3      | Reached skill level 4 in Short Blades
  1234 | D:3      | Killed from afar by Ijyb

Illustrated notes

Levels and vault maps discovered:
D:1:      tarquinn_simple_flora_water_e, layout_rooms, nrook_mini_vaults,
          chequers_serial_rivers_micro_a, minmay_small_reverse_x
D:2:      minmay_chambers_of_twos, layout_rooms
D:3:      layout_basic, serial_shops, shop, shop, nicolae_shop_hallway_stairs,
          shop, gammafunk_ghost_mausoleum, uniq_ijyb, uniq_jessica, uniq_grinder

Skill      XL: |  1  2  3  4 |
---------------+-------------+-----
Short Blades   | 3 4 |  4.1
Stealth        | 1 2 |  2.0
Fighting       | 3 |  3.0
Throwing       | |  1.7
Dodging        | |  2.6

Action                     |  1- 3 |  4- 6 || total
---------------------------+-------+-------++-------
  Melee: Rapier            |   132 |    65 ||   197
         Punch             |     3 |       ||     3
    Use: Scroll            |       |     1 ||     1
   Stab: Distracted        |     2 |       ||     2
         Sleeping          |     1 |     2 ||     3
 Armour: Leather armour    |    61 |    26 ||    87
  Dodge: Dodged            |    80 |    40 ||   120
